 Dungeon Crawl Stone Soup version 0.15-a0-23-gfd8676b (webtiles) character file.

1455 4tharraofdagon the Grappler (level 8, -1/74 HPs)
             Began as a Troll Monk on Mar 31, 2014.
             Was a Believer of Makhleb.
             Shot with an arrow of flame by a centaur (15 damage)
             ... on Level 6 of the Dungeon.
             The game lasted 00:09:37 (1700 turns).

4tharraofdagon the Grappler (Troll Monk)            Turns: 1700, Time: 00:09:37

HP  -1/74        AC  6     Str 22      XL: 8   Next: 34%
MP   8/9         EV 10     Int  6      God: Makhleb [**....]
Gold 126         SH  0     Dex 14      Spells:  0 memorised,  7 levels left

rFire  . . .     SeeInvis .       - Unarmed
rCold  . . .     Clarity  .     a - +0 robe
rNeg   . . .     Conserve .     (shield restricted)
rPois  .         rCorr    .     (helmet restricted)
rElec  .         rRot     .     i - +0 cloak
SustAb . .       Spirit   .     (gloves unavailable)
rMut   .         Warding  .     (boots unavailable)
Gourm  +         Stasis   .     c - amulet of rage
MR     .....                    (no ring)
                                B - +2 ring of dexterity

@: exhausted, slowed, very slow, not resistant to hostile enchantments,
unstealthy
A: unfitting armour, claws 3, fast metabolism 3, gourmand, regeneration 2,
saprovore 2, shaggy fur 1, tough skin 2
a: Minor Destruction, Renounce Religion, Evoke Berserk Rage


You were on level 6 of the Dungeon.
You worshipped Makhleb.
Makhleb was pleased with you.
You were very full.

You visited 2 branches of the dungeon, and saw 7 of its levels.

You collected 126 gold pieces.

Inventory:

Armour
 a - a +0 robe (worn)
 i - a +0 cloak (worn)
Magical devices
 r - a wand of fire (0)
Comestibles
 b - 2 meat rations
 f - 2 bread rations
 t - a snozzcumber
Scrolls
 h - a scroll of immolation {unknown}
 l - 3 scrolls of remove curse
 m - a scroll of enchant weapon II {unknown}
 p - 3 scrolls of amnesia {unknown}
 u - a scroll of recharging {unknown}
 w - 3 scrolls of identify {unknown}
 y - a scroll of enchant armour {unknown}
 z - 3 scrolls of magic mapping {unknown}
Jewellery
 c - an amulet of rage (around neck)
 B - a +2 ring of dexterity (left claw)
Potions
 d - a potion of haste {unknown}
 e - 2 potions of restore abilities {unknown}
 g - a potion of cure mutation
 j - 3 potions of invisibility {unknown}
 k - a potion of mutation {unknown}
 n - 3 potions of curing
 o - a potion of agility {unknown}
 q - a potion of confusion {unknown}
 s - a potion of poison {unknown}
 v - a potion of resistance {unknown}
 x - a potion of might {unknown}
 A - 2 potions of heal wounds {unknown}


   Skills:
 - Level 2.4 Fighting
 - Level 2.4 Dodging
 - Level 1.1 Stealth
 * Level 9.3 Unarmed Combat
 + Level 4.6 Evocations


You had 7 spell levels left.
You didn't know any spells.

Dungeon Overview and Level Annotations

Branches:
Dungeon (6/15)             Temple (1/1) D:5

Altars:
Ashenzari
Cheibriados
Elyvilon
Fedhas
Kikubaaqudgha
Makhleb
Nemelex Xobeh
Okawaru
Sif Muna
Vehumet
Xom
Yredelemnul
Zin
The Shining One


Innate Abilities, Weirdness & Mutations

You are too large for most types of armour.
You have claws for hands.
Your metabolism is lightning-fast.
You like to eat raw meat.
You heal very quickly.
You can eat rotten meat.
You are covered in fur (AC +1).
You have very tough skin (AC +2).


Message History

Unknown command.
The centaur shoots an arrow of flame.
The arrow of flame hits you!
One of your 4 scrolls labeled DAUFEM CIGAWEUQ catches fire!
The centaur shoots an arrow of flame.
The arrow of flame hits you!
There is a stone staircase leading up here.
You see here an arrow of flame.
Unknown command.
Unknown command.
The centaur shoots an arrow of flame.
The arrow of flame hits you!
The centaur shoots an arrow of flame.
The arrow of flame hits you!
* * * LOW HITPOINT WARNING * * *
You see here 2 arrows of flame.
Unknown command.
Unknown command.
Unknown command.
Drink which item? (? for menu, Esc to quit)
It has a very clean taste.
It was a potion of cure mutation.
The centaur shoots an arrow of flame.
The arrow of flame misses you.
The centaur shoots an arrow of flame.
The arrow of flame hits you!
You die...

#.. ####.###
#........
#.......
#.....#
#.....#
#(....######
#.(..<......#
#..<@........
#.####.c.....
.... ....#
....... ...#
#........#
... .......(#
. $.......#
.......# ###


You could see a centaur.

Vanquished Creatures
  The ghost of Zurvan the Covered, an experienced MiFi of Okawaru (D:6)
  2 phantoms
  A sky beast (D:5)
  A giant frog (D:6)
  2 scorpions
  3 crimson imps (D:5)
  A hound (D:4)
  2 orc wizards
  6 worker ants
  An orc priest (D:3)
  2 iguanas (D:5)
  7 adders
  A shadow imp (D:5)
  A giant mite (D:4)
  2 worms
  An orc skeleton (D:5)
  A giant eyeball (D:5)
  11 orcs
  2 giant cockroaches
  6 goblins
  7 hobgoblins
  9 kobolds
  2 quokkas
  5 bats
  2 giant geckos
  4 giant newts
  2 goblin skeletons
  A goblin zombie (D:5)
  6 jackals (D:5)
  7 rats
99 creatures vanquished.

Notes
Turn   | Place    | Note
--------------------------------------------------------------
     0 | D:1      | 4tharraofdagon, the Troll Monk, began the quest for the Orb.
     0 | D:1      | Reached XP level 1. HP: 22/22 MP: 1/1
     2 | D:1      | Noticed an iron imp
     2 | D:1      | Noticed Nitisuk the pandemonium lord
     2 | D:1      | Noticed an iron imp
     3 | D:1      | Noticed a hell beast
     6 | D:1      | Noticed a chaos spawn
    15 | D:1      | Noticed an Executioner
    17 | D:1      | Noticed an orange demon
   229 | D:2      | Reached XP level 2. HP: 29/29 MP: 1/1
   660 | D:3      | Reached XP level 3. HP: 36/36 MP: 2/2
   693 | D:3      | Reached skill level 5 in Unarmed Combat
   693 | D:3      | Reached skill level 1 in Evocations
   712 | D:3      | Reached XP level 4. HP: 30/44 MP: 2/2
   887 | D:4      | Reached XP level 5. HP: 50/50 MP: 3/3
   895 | D:4      | Reached skill level 6 in Unarmed Combat
   961 | D:4      | Noticed a phantom
   969 | D:4      | Reached XP level 6. HP: 40/59 MP: 5/5
   989 | D:4      | Killed a phantom
  1098 | D:4      | Reached skill level 7 in Unarmed Combat
  1099 | D:4      | Found a radiant altar of Vehumet.
  1100 | D:4      | Found a sparkling altar of Nemelex Xobeh.
  1236 | D:5      | Entered Level 5 of the Dungeon
  1266 | D:5      | Reached XP level 7. HP: 61/66 MP: 6/6
  1377 | D:5      | Paralysed by a giant eyeball for 3 turns
  1411 | D:5      | Found a staircase to the Ecumenical Temple.
  1417 | D:5      | gessuss
  1431 | D:5      | Reached skill level 8 in Unarmed Combat
  1466 | Temple   | Entered the Ecumenical Temple
  1502 | Temple   | Became a worshipper of Makhleb the Destroyer
  1502 | Temple   | Acquired Makhleb's first power
  1502 | Temple   | Acquired Makhleb's second power
  1671 | D:6      | Noticed Zurvan's ghost (experienced MiFi)
  1682 | D:6      | Killed Zurvan's ghost
  1682 | D:6      | Reached skill level 9 in Unarmed Combat
  1682 | D:6      | Reached XP level 8. HP: 74/74 MP: 7/8
  1700 | D:6      | Shot with an arrow of flame by a centaur

Action                   |  1- 3 |  4- 6 |  7- 9 || total
-------------------------+-------+-------+-------++-------
Melee: Unarmed           |    87 |   108 |   105 ||   300
 Abil: Evoke Berserk Rag |     1 |     2 |     3 ||     6
Evoke: Wand              |     1 |     3 |     2 ||     6
  Use: Scroll            |     1 |       |       ||     1
       Potion            |       |       |     3 ||     3
 Stab: Sleeping          |       |     3 |       ||     3
